 Dungeon Crawl Stone Soup version 0.28-b1-25-g9875b3fc8c (webtiles) character file.

Game seed: 8876974238005769278

2411 growler the Zephyrmancer (level 9, -3/45 HPs)
             Began as a Tengu Air Elementalist on Jan 31, 2022.
             Was a Follower of Vehumet.
             Slain by a centaur warrior zombie (6 damage)
             ... on level 7 of the Dungeon.
             The game lasted 00:16:00 (9273 turns).

growler the Zephyrmancer (Tengu Air Elementalist)   Turns: 9273, Time: 00:16:01

Health: -3/45      AC:  3    Str:  9    XL:     9   Next: 47%
Magic:  0/17       EV: 14    Int: 20    God:    Vehumet [*.....]
Gold:   454        SH:  0    Dex: 14    Spells: 8/18 levels left

rFire   . . .      SeeInvis .   e - staff of conjuration {!a}
rCold   . . .      Faith    .   (no shield)
rNeg    . . .      Spirit   .   a - +0 robe
rPois   .          Reflect  .   (helmet restricted)
rElec   .          Harm     .   (no cloak)
rCorr   .          Rampage  .   b - +0 pair of gloves
Will    .....                   (boots unavailable)
Stlth   ++........              (no amulet)
HPRegen 0.15/turn               (no ring)
MPRegen 0.15/turn               (no ring)

@: flying quickly and evasively, quick
A: beak, talons 3, nimble flight
a: Renounce Religion


You were on level 7 of the Dungeon.
You worshipped Vehumet.
Vehumet was aware of your devotion.
You visited 2 branches of the dungeon, and saw 8 of its levels.

You collected 454 gold pieces.

Inventory:

Hand Weapons
 j - the +3 quarterstaff of Thoughtfulness {drain, rN++ Str+2 Int+2}
   (You found it on level 4 of the Dungeon)

   A truly terrible weapon, it drains the life of any living foe it strikes.
   Str:       It affects your strength (+2).
   Int:       It affects your intelligence (+2).
   rN:        It greatly protects you from negative energy.
 n - a +2 dagger of electrocution
   (You took it off an orc on level 4 of the Dungeon)
Armour
 a - a +0 robe (worn)
 b - a +0 pair of gloves (worn)
   (You found it on level 1 of the Dungeon)
 y - a +0 kite shield
   (You found it on level 6 of the Dungeon)
Magical Staves
 e - a staff of conjuration (weapon) {!a}
   (You found it on level 6 of the Dungeon)
Jewellery
 f - a ring of wizardry
   (You found it on level 2 of the Dungeon)
 g - a ring of ice
   (You found it on level 2 of the Dungeon)
 i - a ring of protection from fire
   (You found it on level 4 of the Dungeon)
 w - a ring of poison resistance
   (You found it on level 6 of the Dungeon)
Wands
 t - a wand of flame (32)
   (You found it on level 4 of the Dungeon)
 u - a wand of paralysis (7)
   (You found it on level 6 of the Dungeon)
 x - a wand of acid (3)
   (You found it on level 5 of the Dungeon)
Scrolls
 d - a scroll of noise {unknown}
 h - 2 scrolls of teleportation {@r4}
 l - 2 scrolls of fear
 p - a scroll of holy word {unknown}
 q - a scroll of summoning {unknown}
 r - a scroll of immolation {unknown}
Potions
 k - 4 potions of curing {unknown}
 m - a potion of lignification {!q}
 o - a potion of heal wounds {@q2}
 s - a potion of haste {@q3}
 v - a potion of attraction {!q}


   Skills:
 - Level 2.1 Dodging
 - Level 2.0 Stealth
 - Level 5.0 Spellcasting
 - Level 9.0 Conjurations
 + Level 12.4 Air Magic


You had 8 spell levels left.
You knew the following spells:

 Your Spells              Type           Power      Damage    Failure   Level
a - Shock                 Conj/Air       100%       1d9       1%          1
b - Airstrike             Air            26%        N/A       1%          4
d - Static Discharge      Conj/Air       64%        N/A       1%          2
s - Swiftness             Air            53%        N/A       1%          3

Your spell library contained the following spells:

 Spells                   Type           Power      Damage    Failure   Level
 Freeze                   Ice            20%        1d4       12%         1
 Slow                     Hex            20%        N/A       12%         1
 Confusing Touch          Hex            5%         N/A       34%         3
 Vampiric Draining        Necr           5%         2d6       34%         3


Dungeon Overview and Level Annotations

Branches:
Dungeon (7/15)             Temple (1/1) D:4

Altars:
Ashenzari
Cheibriados
Dithmenos
Elyvilon
Fedhas
Gozag
Hepliaklqana
Kikubaaqudgha
Makhleb
Nemelex Xobeh
Okawaru
Qazlal
Sif Muna
Trog
Uskayaw
Vehumet
Xom
Yredelemnul
Zin
The Shining One

Shops:
D:6 (([

Annotations:
D:6 1 runed translucent door, Kae's ghost, amateur HOHu


Innate Abilities, Weirdness & Mutations

You have a beak for a mouth.
You have claws for feet.
Your magical nature lets you fly swiftly and evasively.


Message History

The air twists around and strikes the centaur zombie!
The centaur zombie barely misses you. The centaur zombie kicks you.
You hit the centaur zombie.
You destroy the centaur zombie!
Vehumet accepts your kill.
You can now gain magical power from killing.
Vehumet offers you knowledge of Freeze.
You reach down and open the door.
Found a glowing trident and a pair of gloves.
A centaur warrior zombie comes into view.
Found a scroll labelled DOQERGH EPTUJ.
There is an open door here.
Aim: a centaur warrior zombie (dormant, empty space bonus: 5/8)
The air twists around and strikes the centaur warrior zombie!
Aim: a centaur warrior zombie (lightly damaged, empty space bonus: 5/8)
The air twists around and strikes the centaur warrior zombie!
Aim: a centaur warrior zombie (moderately damaged, empty space bonus: 5/8)
The air twists around and strikes the centaur warrior zombie!
Aim: a centaur warrior zombie (heavily damaged, empty space bonus: 5/8)
The air twists around and strikes the centaur warrior zombie!
The centaur warrior zombie hits you!
The centaur warrior zombie closely misses you.
You don't have enough magic to cast this spell.
Unknown command.
Unknown command.
You barely miss the centaur warrior zombie.
The centaur warrior zombie hits you.
The centaur warrior zombie kicks you but does no damage.
You completely miss the centaur warrior zombie.
You claw the centaur warrior zombie.
You peck the centaur warrior zombie, but do no damage.
The centaur warrior zombie hits you.
The centaur warrior zombie barely misses you.
The centaur warrior zombie hits you. The centaur warrior zombie kicks you.
You hit the centaur warrior zombie. The centaur warrior zombie hits you!
* * * LOW HITPOINT WARNING * * *
The centaur warrior zombie closely misses you.
The centaur warrior zombie hits you.
* * * LOW HITPOINT WARNING * * *
The centaur warrior zombie completely misses you.
You feel a surge of power!
The centaur warrior zombie is struck by an arc of lightning.
You are struck by an arc of lightning.
* * * LOW HITPOINT WARNING * * *
The lightning grounds out.
The centaur warrior zombie hits you!
* * * LOW HITPOINT WARNING * * *
The centaur warrior zombie kicks you.
* * * LOW HITPOINT WARNING * * *
The centaur warrior zombie hits you.
You die...

#.# ....# #.# ....# #.#
....#####.# ...(##....#
....##.##.#####
....##.##.#...##########...
....##.##.....#.@Z.')......
....##........#.####.......
##...##.........# ...[...
#.#..'.†.......# .......
#.#..#........## .......
#....#........# .......
#<...#........# .......
#.............# ......?
#.###..(......#


You could see a centaur warrior zombie.

Vanquished Creatures
  A steam dragon (D:6)
  A vampire mosquito (D:6)
  An acid dragon (D:5)
  2 water moccasins (D:5)
  2 black bears
  A sky beast (D:5)
  3 ogres
  A centaur (D:5)
  A kobold brigand (D:6)
  Blork the orc (D:5)
  A bullfrog (D:6)
  A scorpion (D:5)
  A water moccasin zombie (D:5)
  A water moccasin skeleton (D:5)
  3 wights (D:6)
  4 crimson imps (D:4)
  A centaur skeleton (D:5)
  A centaur zombie (D:7)
  2 hounds
  A jelly (D:6)
  2 orc priests (D:5)
  2 iguanas
  3 orc wizards (D:5)
  A statue (D:5)
  6 adders
  11 gnolls
  A shadow imp (D:6)
  3 worms
  3 dart slugs
  18 orcs
  A bat (D:3)
  3 endoplasms
  2 giant cockroaches
  3 hobgoblins (D:3)
  4 jackals (D:1)
  A quokka (D:2)
  5 ball pythons
  4 goblins
  11 kobolds
  3 rats
117 creatures vanquished.

Vanquished Creatures (others)
  A withered plant (D:6)
1 creature vanquished.

Grand Total: 118 creatures vanquished

Notes
Turn   | Place    | Note
-------+----------+-------------------------------------------
     0 | D:1      | growler the Tengu Air Elementalist began the quest for the
                  | Orb.
     0 | D:1      | Reached XP level 1. HP: 10/10 MP: 4/4
   238 | D:1      | Reached XP level 2. HP: 15/15 MP: 3/6
   507 | D:1      | Learned a level 2 spell: Static Discharge
   638 | D:1      | Found a faded altar of an unknown god.
  1148 | D:2      | Reached XP level 3. HP: 17/19 MP: 1/7
  2196 | D:2      | Reached XP level 4. HP: 20/24 MP: 4/9
  2567 | D:3      | Learned a level 3 spell: Swiftness
  2654 | D:3      | Reached skill level 5 in Air Magic
  3185 | D:3      | Found an opulent altar of Gozag.
  3362 | D:3      | Found a shimmering blue altar of Sif Muna.
  3612 | D:4      | Gained mutation: Your magical nature lets you fly swiftly
                  | and evasively. [Tengu growth]
  3612 | D:4      | Reached XP level 5. HP: 23/28 MP: 3/10
  3674 | D:4      | Identified the +3 quarterstaff of Thoughtfulness {drain,
                  | rN++ Str+2 Int+2}
  3858 | D:4      | Found a staircase to the Ecumenical Temple.
  3867 | Temple   | Entered the Ecumenical Temple
  4077 | D:4      | Found a shimmering altar of Xom.
  4093 | D:4      | Reached XP level 6. HP: 21/32 MP: 3/12
  4094 | D:4      | Reached skill level 6 in Air Magic
  4357 | D:4      | Found a bloodstained altar of Trog.
  4845 | D:5      | Entered Level 5 of the Dungeon
  4869 | D:5      | Reached skill level 5 in Conjurations
  4884 | D:5      | Learned a level 4 spell: Airstrike
  5237 | D:5      | You are sucked into a shaft and drop 1 floor!
  5514 | D:6      | Reached XP level 7. HP: 14/36 MP: 8/14
  6021 | D:5      | Reached skill level 7 in Air Magic
  6259 | D:5      | Reached XP level 8. HP: 25/41 MP: 11/16
  6322 | D:5      | Reached skill level 5 in Spellcasting
  6322 | D:5      | Reached skill level 8 in Air Magic
  7044 | D:5      | Reached skill level 9 in Air Magic
  7512 | D:5      | Found a radiant altar of Vehumet.
  7520 | D:5      | Became a worshipper of Vehumet
  7634 | D:5      | Noticed Blork the orc
  7636 | D:5      | Killed Blork the orc
  7729 | D:6      | Reached skill level 10 in Air Magic
  7731 | D:6      | Reached XP level 9. HP: 25/45 MP: 4/17
  7887 | D:6      | Found Jeiger Xaut's Armour Shoppe.
  7974 | D:6      | Found Duckoeg's Weapon Shoppe.
  8261 | D:6      | Reached skill level 11 in Air Magic
  8482 | D:6      | Found Motoih's Weapon Boutique.
  8889 | D:6      | Reached skill level 12 in Air Magic
  9057 | D:6      | Found a runed translucent door.
  9058 | D:6      | Noticed Kae's ghost (amateur HOHu)
  9142 | D:7      | Reached * piety under Vehumet
  9142 | D:7      | Offered knowledge of Freeze by Vehumet.
  9273 | D:7      | Slain by a centaur warrior zombie

Illustrated notes

Levels and vault maps discovered:
D:1:      saegor_arrival_simple_c, layout_basic,
          hellmonk_ecumenical_altar_slurped_away, minmay_misc_feat_x,
          chequers_jeans, grunt_decor_fettered, minmay_tiny_reverse_x
D:2:      layout_basic
D:3:      layout_basic, amcnicky_altar_gilded, lemuel_round_altar
D:4:      layout_gridville, kennysheep_mini_moat, led_xom_imps,
          minmay_temple_entry_glass, minmay_fountain_box
D:5:      minmay_general_purpose_star, layout_basic, vehumet_statue,
          uniq_blork_the_orc
D:6:      layout_loops_ring, serial_shops, shop_statue, shop, shop,
          gammafunk_ghost_grave, minmay_pentangle
D:7:      layout_basic, nicolae_wu_jian_wuxing_cycle, grunt_decor_arrowhead,
          st_stairs_2
Temple:   eino_wide_crystal_templ

Skill      XL: |  1  2  3  4  5  6  7  8  9 |
---------------+----------------------------+-----
Conjurations   | 2 3 4 5 6 9 |  9.0
Air Magic      | 5 6 7 10 12 | 12.4
Spellcasting   | 3 4 5 |  5.0
Dodging        | |  2.1
Stealth        | |  2.0

Action                   |  1- 3 |  4- 6 |  7- 9 || total
-------------------------+-------+-------+-------++-------
Melee: Unarmed           |     1 |       |       ||     1
       Quarterstaff      |       |    21 |     7 ||    28
       Kick              |       |     4 |     5 ||     9
       Peck              |       |     1 |     5 ||     6
       Staff             |       |       |     6 ||     6
 Cast: Shock             |    60 |    44 |    30 ||   134
       Static Discharge  |     8 |    25 |    31 ||    64
       Airstrike         |       |       |    42 ||    42
  Use: Scroll            |       |       |     6 ||     6
Armor: Robe              |     3 |     7 |     3 ||    13
Dodge: Dodged            |    13 |    32 |    35 ||    80
